 Dungeon Crawl Stone Soup version 0.21.1-1-g345015f (webtiles) character file.

16003 duckfart the Severer (level 12, -3/112 HPs)
             Began as a Hill Orc Berserker on Mar 25, 2018.
             Was a High Priest of Trog.
             Slain by a seven-headed hydra (9 damage)
             ... on level 3 of the Lair of Beasts.
             The game lasted 00:20:50 (12156 turns).

duckfart the Severer (Hill Orc Berserker)          Turns: 12156, Time: 00:20:50

Health: -3/112     AC: 18    Str: 25    XL:     12   Next: 32%
Magic:  12/12      EV: 11    Int:  7    God:    Trog [*****.]
Gold:   708        SH:  0    Dex: 10    Spells: 11/11 levels left

rFire    . . .     SeeInvis .   a - +0 battleaxe
rCold    . . .     Gourm    .   (shield currently unavailable)
rNeg     . . .     Faith    .   b - +2 chain mail {rPois}
rPois    +         Spirit   .   r - +1 helmet
rElec    .         Reflect  .   (no cloak)
rCorr    +         Harm     +   z - +1 pair of gloves
MR       +....                  (no boots)
Stlth    ..........             d - amulet of harm
HPRegen  0.28/turn              e - ring of resist corrosion
MPRegen  0.13/turn              D - ring of protection from magic

@: no status effects
A: repulsion field 1, blurry vision 1, wild magic 1, evolution 2
a: Berserk, Trog's Hand, Brothers in Arms, Burn Spellbooks, Renounce Religion


You were on level 3 of the Lair of Beasts.
You worshipped Trog.
Trog was extremely pleased with you.
You were not hungry.

You visited 3 branches of the dungeon, and saw 13 of its levels.

You collected 746 gold pieces.
You spent 38 gold pieces at shops.

Inventory:

Hand Weapons
 a - a +0 battleaxe (weapon)
 m - a +0 war axe
 G - a +3 hand axe
Missiles
 h - 12 tomahawks (quivered)
 w - 8 javelins
 x - a throwing net
Armour
 b - a +2 chain mail of poison resistance (worn)
 r - a +1 helmet (worn)
 z - a +1 pair of gloves (worn)
Jewellery
 d - an amulet of harm (around neck)
 e - a ring of resist corrosion (left hand)
 g - an uncursed amulet of regeneration
 i - an uncursed ring of protection from fire
 D - a ring of protection from magic (right hand)
 E - an uncursed ring of positive energy
Wands
 p - a wand of disintegration (5)
 s - a wand of flame (61)
 F - a wand of polymorph (1)
Scrolls
 j - 4 scrolls of magic mapping
 k - a scroll of fear
 q - 5 scrolls of teleportation
 t - a scroll of remove curse
 y - 4 scrolls of blinking
 I - 5 scrolls of identify
Potions
 f - a potion of lignification
 l - a potion of cancellation
 n - 5 potions of agility
 o - a potion of flight
 u - 2 potions of curing
 A - a potion of ambrosia
 B - 3 potions of might
Comestibles
 c - 26 rations
 C - 6 chunks of flesh


   Skills:
 + Level 11.9 Fighting
 * Level 17.6 Axes
 + Level 10.7 Armour
 - Level 1.5 Dodging


You had 11 spell levels left.
You didn't know any spells.

Dungeon Overview and Level Annotations

Branches:
Dungeon (9/15)             Temple (1/1) D:5            Lair (3/6) D:9
 Shoals (0/4) Lair:2        Snake (0/4) Lair:2
    Orc: D:9-12

Altars:
Ashenzari
Cheibriados
Dithmenos
Fedhas
Hepliaklqana
Kikubaaqudgha
Makhleb
Nemelex Xobeh
Qazlal
Vehumet
Wu Jian
Xom
Yredelemnul

Shops:
D:6 (


Innate Abilities, Weirdness & Mutations

You are surrounded by a mild repulsion field. (EV +2)
Scrolls take you a little longer to read.
Your spells are a little harder to cast, but a little more powerful.
You rapidly evolve.


Message History

* * * LOW HITPOINT WARNING * * *
The seven-headed hydra barely misses you.
The seven-headed hydra bites you but does no damage.
The seven-headed hydra bites you.
* * * LOW HITPOINT WARNING * * *
The seven-headed hydra bites you but does no damage.
You take 14 damage, and have 10/112 hp.
Okay, then.
Okay, then.
Evoke which item? (* to show all) (? for menu, Esc to quit)
You open the lid... ...and a larval fireweird beast leaps out!
The now-empty box falls apart.
The seven-headed hydra bites you but does no damage. x3
The seven-headed hydra closely misses you.
The seven-headed hydra bites you but does no damage.
The seven-headed hydra bites you.
* * * LOW HITPOINT WARNING * * *
The seven-headed hydra bites you!
You die...

..............#............
....#............#.....<.#
#...#.......#........P...#
#.....................#...#
............###..#.......P#
............P#...#...##..##
............###......#...#
##......#...##P.......#....
#.((.(......†..@.....##.....
##..PP.........DH...... ##P
#..#...#...#........#. #P.
##.......#......... #
#......###.......# #...#...#
#......#. ##..#...# #......#
#....... #......#


You could see a seven-headed hydra and a friendly larval fireweird beast.

Vanquished Creatures
  Gastronok (Lair:1)
  A hydra (Lair:1)
  2 two-headed ogres (D:7)
  Pikel (D:5)
  A black mamba (Lair:2)
  A manticore (Lair:2)
  Joseph (D:7)
  A gargoyle (D:7)
  A spiny frog (Lair:2)
  A rime drake (Lair:3)
  A komodo dragon (Lair:2)
  Grinder (D:4)
  6 hippogriffs
  Sigmund (D:6)
  A human (D:7)
  A wraith (D:7)
  2 yaks
  Eustachio (D:4)
  2 basilisks (Lair:1)
  A wyvern (D:7)
  4 hogs (D:7)
  A hungry ghost (D:9)
  10 water moccasins
  3 porcupines
  3 black bears
  2 slaves (D:5)
  An orc warrior (D:8)
  Duvessa (D:6)
  5 sky beasts
  A necrophage (D:9)
  A phantom (D:4)
  An ice beast (D:7)
  3 centaurs
  8 ogres
  3 crocodiles
  8 bullfrogs
  Dowan (D:6)
  A water moccasin zombie (D:7)
  A wyvern zombie (D:7)
  2 scorpions
  A killer bee (Lair:2)
  3 crimson imps
  A bullfrog zombie (D:6)
  3 jellies
  6 hounds
  An orc priest (D:7)
  A bullfrog skeleton (D:7)
  7 orc wizards
  Jessica (D:3)
  3 iguanas
  Natasha (twice) (D:3)
  6 worker ants
  A statue (D:6)
  A howler monkey zombie (D:7)
  4 gnolls (D:3)
  6 adders
  A river rat (Lair:2)
  A shadow imp (D:8)
  An ooze (D:5)
  4 adder skeletons
  An adder zombie (D:7)
  4 worms
  2 dart slugs
  5 leopard geckos
  33 orcs
  4 giant cockroaches
  4 goblins
  9 hobgoblins
  8 jackals
  4 kobolds
  5 quokkas
  A ball python (D:1)
  9 bats
  A frilled lizard (D:1)
  A leopard gecko skeleton (D:7)
  A quokka zombie (D:5)
  23 rats
  4 rat zombies (D:6)
  A spectral orc (D:8)
  2 fungi (D:9)
  4 plants
268 creatures vanquished.

Vanquished Creatures (collateral kills)
  A hydra (Lair:3)
  A two-headed ogre (D:9)
  A yak (D:9)
  An orc warrior (D:9)
  2 porcupines (D:9)
  An ogre (D:9)
  A centaur (D:9)
  A bullfrog (D:9)
  A hound (D:9)
  2 orc wizards (D:9)
  2 orcs (D:9)
14 creatures vanquished.

Vanquished Creatures (others)
  A centaur skeleton (D:5)
  A shadow imp (D:5)
  6 fungi (D:9)
  3 plants (D:9)
11 creatures vanquished.

Grand Total: 293 creatures vanquished

Notes
Turn   | Place    | Note
-------+----------+-------------------------------------------
     0 | D:1      | duckfart the Hill Orc Berserker began the quest for the Orb.
     0 | D:1      | Reached XP level 1. HP: 19/19 MP: 1/1
   102 | D:1      | Found a shattered altar of Ashenzari.
   118 | D:1      | Reached XP level 2. HP: 1/26 MP: 2/2
   584 | D:1      | Reached skill level 5 in Axes
  1045 | D:1      | Reached XP level 3. HP: 29/31 MP: 3/3
  1534 | D:2      | Reached ** piety under Trog
  1581 | D:2      | Reached skill level 6 in Axes
  1767 | D:2      | Reached XP level 4. HP: 38/39 MP: 4/4
  2203 | D:3      | Reached skill level 7 in Axes
  2260 | D:3      | Reached XP level 5. HP: 45/45 MP: 5/5
  2276 | D:3      | Noticed Natasha
  2288 | D:3      | Killed Natasha
  2329 | D:3      | Noticed Jessica
  2345 | D:3      | Killed Jessica
  2408 | D:3      | Reached skill level 8 in Axes
  2887 | D:3      | Noticed Natasha
  2891 | D:3      | Killed Natasha
  2927 | D:4      | Noticed an ogre
  2934 | D:4      | Killed an ogre
  2934 | D:4      | Reached skill level 9 in Axes
  2934 | D:4      | Reached XP level 6. HP: 51/51 MP: 6/6
  2977 | D:4      | Noticed a phantom
  3011 | D:4      | Killed a phantom
  3181 | D:4      | Reached skill level 10 in Axes
  3181 | D:4      | Reached XP level 7. HP: 48/57 MP: 7/7
  3269 | D:4      | Reached *** piety under Trog
  3315 | D:4      | Noticed Eustachio
  3340 | D:4      | Killed Eustachio
  3413 | D:4      | Noticed Grinder
  3414 | D:4      | Paralysed by Grinder for 5 turns
  3426 | D:4      | Killed Grinder
  3426 | D:4      | Reached skill level 11 in Axes
  3717 | D:4      | Reached XP level 8. HP: 64/64 MP: 8/8
  3852 | D:5      | Entered Level 5 of the Dungeon
  3852 | D:5      | Noticed Pikel
  3869 | D:5      | Killed Pikel
  3869 | D:5      | Reached skill level 13 in Axes
  4360 | D:5      | Reached skill level 14 in Axes
  4415 | D:5      | Found a sparkling altar of Nemelex Xobeh.
  4429 | D:5      | Found a staircase to the Ecumenical Temple.
  4434 | Temple   | Entered the Ecumenical Temple
  4469 | D:6      | Found a blossoming altar of Fedhas.
  4500 | D:6      | Found a blossoming altar of Fedhas.
  4504 | D:6      | Found an ornate altar of the Wu Jian Council.
  4578 | D:6      | Found an ancient bone altar of Kikubaaqudgha.
  4699 | D:6      | Reached XP level 9. HP: 70/70 MP: 9/9
  4725 | D:6      | Noticed Sigmund
  4743 | D:6      | Killed Sigmund
  4775 | D:6      | Found a shadowy altar of Dithmenos.
  4911 | D:6      | Found Zuc Weogh's Weapon Shop.
  4916 | D:6      | Bought a +0 war axe for 38 gold pieces
  4962 | D:6      | Noticed Dowan
  4963 | D:6      | Noticed Duvessa
  4972 | D:6      | Killed Duvessa
  4972 | D:6      | Reached **** piety under Trog
  4972 | D:6      | Killed Dowan
  4972 | D:6      | Reached skill level 15 in Axes
  5156 | D:6      | Found a radiant altar of Vehumet.
  5466 | D:7      | Noticed Joseph
  5478 | D:7      | Killed Joseph
  5497 | D:7      | Reached skill level 5 in Fighting
  5500 | D:7      | Reached skill level 16 in Axes
  5500 | D:7      | Reached XP level 10. HP: 83/83 MP: 10/10
  5670 | D:7      | Noticed a gargoyle
  5680 | D:7      | Killed a gargoyle
  5680 | D:7      | Reached skill level 5 in Armour
  5843 | D:7      | Noticed a two-headed ogre
  5847 | D:7      | Killed a two-headed ogre
  6047 | D:7      | Noticed a two-headed ogre
  6061 | D:7      | Killed a two-headed ogre
  6312 | D:7      | Received a gift from Trog
  6837 | D:7      | Reached XP level 11. HP: 97/97 MP: 11/11
  6919 | D:7      | Gained mutation: Scrolls take you a little longer to read. [potion of mutation]
  6919 | D:7      | Gained mutation: You evolve. [potion of mutation]
  6919 | D:7      | Gained mutation: You are surrounded by a mild repulsion field. (EV +2) [potion of mutation]
  7171 | D:8      | Reached ***** piety under Trog
  7580 | D:8      | Found a basalt altar of Yredelemnul.
  7682 | D:8      | Reached skill level 10 in Fighting
  7961 | D:8      | Gained mutation: You rapidly evolve. [evolution]
  8203 | D:9      | Noticed a two-headed ogre
  8211 | D:9      | Killed a two-headed ogre
  8247 | D:9      | Found a staircase to the Lair.
  8603 | D:9      | Found a burning altar of Makhleb.
  8817 | D:9      | Found a stormy altar of Qazlal.
  8969 | Lair:1   | Entered Level 1 of the Lair of Beasts
  8988 | Lair:1   | Noticed Gastronok
  9025 | Lair:1   | Killed Gastronok
  9025 | Lair:1   | Reached skill level 10 in Armour
  9549 | Lair:1   | Noticed a seven-headed hydra
  9564 | Lair:1   | Killed a nine-headed hydra
  9888 | Lair:1   | Reached skill level 17 in Axes
  9894 | Lair:1   | Reached XP level 12. HP: 86/110 MP: 12/12
 10089 | Lair:1   | Gained mutation: Your spells are a little harder to cast, but a little more powerful. [evolution]
 10536 | Lair:2   | Found a staircase to the Snake Pit.
 11467 | Lair:2   | Found a staircase to the Shoals.
 12107 | Lair:3   | Noticed a four-headed hydra
 12128 | Lair:3   | Killed a six-headed hydra
 12147 | Lair:3   | Noticed a six-headed hydra
 12156 | Lair:3   | Slain by a seven-headed hydra

Skill      XL: |  1  2  3  4  5  6  7  8  9 10 11 |
---------------+----------------------------------+-----
Axes           | 5 6 7 9 10 11 14 16 17 | 17.6
Fighting       | 5 9 11 | 11.9
Armour         | 4 8 10 | 10.7
Dodging        | |  1.5

Action                   |  1- 3 |  4- 6 |  7- 9 | 10-12 || total
-------------------------+-------+-------+-------+-------++-------
Melee: Hand axe          |   115 |   122 |   168 |       ||   405
       War axe           |       |       |    55 |   296 ||   351
       Battleaxe         |       |       |       |   136 ||   136
Throw: Tomahawk          |     2 |     3 |     5 |     4 ||    14
Invok: Berserk           |       |     2 |     4 |     1 ||     7
       Trog's Hand       |       |       |     3 |       ||     3
       Burn Spellbooks   |       |       |       |     3 ||     3
       Brothers in Arms  |       |       |       |     4 ||     4
Evoke: Wand              |       |       |       |    43 ||    43
       Box of beasts     |       |       |       |     1 ||     1
  Use: Scroll            |     7 |     5 |     7 |    10 ||    29
       Potion            |       |       |     1 |     1 ||     2
 Stab: Sleeping          |       |     1 |       |       ||     1
       Distracted        |       |       |     1 |       ||     1
  Eat: Chunk             |     3 |     6 |    11 |    16 ||    36
       Ration            |       |       |       |     4 ||     4
Armor: Animal skin       |    19 |     3 |       |       ||    22
       Chain mail        |       |    35 |     9 |   149 ||   193
       Scale mail        |       |     1 |       |       ||     1
       Plate armour      |       |       |    79 |   116 ||   195
Dodge: Dodged            |    81 |    51 |    47 |   158 ||   337
